 Dungeon Crawl Stone Soup version 0.30-b1-2-g02819fbbbe (webtiles) character file.

Game seed: 1263587629567521588

1546 dorian the Cleaver (level 8, -1/64 (71) HPs)
             Began as a Minotaur Fighter on May 9, 2023.
             Was a Believer of Uskayaw.
             Slain by a wight
             ... wielding a +4 dire flail of freezing
              (2 damage)
             ... on level 6 of the Dungeon.
             The game lasted 00:05:15 (4457 turns).

dorian the Cleaver (Minotaur Fighter)               Turns: 4457, Time: 00:05:15

HP:   -1/64 (71)    AC: 13    Str: 24    XL:     8   Next: 57%
MP:   7/7           EV:  8    Int:  5    God:    Uskayaw [**....]
Gold: 359           SH: 11    Dex: 15    Spells: 7/7 levels left

rFire   . . .        a - +0 war axe
rCold   . . .        c - +0 buckler
rNeg    . . .        z - +0 chain mail
rPois   .            (helmet restricted)
rElec   .            (no cloak)
rCorr   .            y - +0 pair of gloves
SInv    +            B - +0 pair of boots
Will    .....        o - amulet of reflection Stlth
                     g - +6 ring of dexterity
HPRegen 0.30/turn    l - ring of see invisible
MPRegen 0.10/turn

%: reflection
@: drained
A: horns 2, retaliatory headbutt
a: Renounce Religion, Stomp, Line Pass


You were on level 6 of the Dungeon.
You worshipped Uskayaw.
Uskayaw was noncommittal.
You visited 1 branch of the dungeon, and saw 6 of its levels.

You collected 359 gold pieces.

Inventory:

Hand Weapons
 a - a +0 war axe (weapon)
Armour
 c - a +0 buckler (worn)
 y - a +0 pair of gloves (worn)
 z - a +0 chain mail (worn)
 B - a +0 pair of boots (worn)
Jewellery
 g - a +6 ring of dexterity (left hand)
 l - a ring of see invisible (right hand)
 o - an amulet of reflection (around neck)
Wands
 u - a wand of digging (8)
 w - a wand of roots (2)
Scrolls
 b - a scroll of enchant weapon {unknown}
 e - a scroll of fear {unknown}
 f - a scroll of noise {unknown}
 i - 2 scrolls of amnesia
 j - 2 scrolls of magic mapping {unknown}
 k - 5 scrolls of identify
 m - a scroll of fog
 p - a scroll of vulnerability
 q - 2 scrolls of teleportation
 r - a scroll of silence {unknown}
 s - 2 scrolls of summoning
 v - 2 scrolls of immolation {unknown}
 x - 2 scrolls of blinking {unknown}
Potions
 d - a potion of might
 h - 2 potions of curing
 n - a potion of haste
 t - 2 potions of degeneration {unknown}
 A - a potion of magic {unknown}
 C - a potion of heal wounds {unknown}
 D - a potion of attraction {unknown}


   Skills:
 + Level 6.8 Fighting
 * Level 8.5 Axes
 + Level 6.8 Armour
 + Level 6.8 Shields


You had 7 spell levels left.
You didn't know any spells.
Your spell library contained the following spells:

 Spells                   Type           Power      Damage    Failure   Level
 Static Discharge         Conj/Air       0%         2-2/arc   99%         2
 Airstrike                Air            0%         2d(0-16)  100%        4
 Anguish                  Hex/Necr       0%         N/A       100%        4
 Cause Fear               Hex            0%         N/A       100%        4
 Summon Lightning Spire   Summ/Air       0%         N/A       100%        4
 Enfeeble                 Hex            0%         N/A       100%        7


Dungeon Overview and Level Annotations

Branches:
Dungeon (6/15)             Temple (0/1) D:4

Altars:
Dithmenos
Nemelex Xobeh
Uskayaw
Vehumet
Xom
Zin


Innate Abilities, Weirdness & Mutations

You have a pair of horns on your head.
You reflexively headbutt those who attack you in melee.


Message History

The wight is lightly damaged.
You block the wight's attack. The wight barely misses you.
The wight barely misses you. You furiously retaliate!
You headbutt the wight. You slash the wight!
You headbutt the wight, but do no damage.
The wight is severely damaged.
The wight hits you with a +3 halberd of freezing!
The wight freezes you.
You can now pass through a line of other dancers.
You hit the wight.
You headbutt the wight, but do no damage.
The wight is almost destroyed.
The wight closely misses you.
You hit the wight.
You destroy the wight!
You hit the wight but do no damage. You block the wight's attack.
The wight hits you with a +4 dire flail of freezing.
The wight freezes you.
You hit the wight but do no damage. You headbutt the wight.
The wight is moderately damaged.
The wight hits you with a +4 dire flail of freezing!
You feel drained. The wight freezes you.
You hit the wight but do no damage.
The wight is moderately damaged.
The wight hits you with a +4 dire flail of freezing.
The wight freezes you.
You barely miss the wight.
The wight is moderately damaged.
The wight hits you with a +4 dire flail of freezing!
* * * LOW HITPOINT WARNING * * *
You feel drained.
* * * LOW HITPOINT WARNING * * *
The wight freezes you.
* * * LOW HITPOINT WARNING * * *
The wight attacks as you move away!
The wight hits you with a +4 dire flail of freezing!
* * * LOW HITPOINT WARNING * * *
You feel drained.
You die...

#....#.....#..#
#..>.###..##.## ###...
#..##.#####
#....#.........#
#....#.........#
....#.........#
#.........# .....#
#.........# .....+
...##....###@# .....##
.....##+#####z##.......
......#......#z.#.......
.................#.......
..................+.......
.............z............
..........................
..................##+#####
.........................


You could see 2 wights.

Vanquished Creatures
  Grinder (D:5)
  Sigmund (D:3)
  Menkaure (D:6)
  A water moccasin (D:5)
  An orc warrior (D:6)
  An ice beast (D:4)
  2 ogres
  A phantom (D:5)
  A bullfrog (D:6)
  A scorpion (D:5)
  A wight (D:6)
  3 jellies
  An orc priest (D:3)
  An iguana (D:5)
  2 orc wizards
  An adder (D:4)
  A shadow imp (D:6)
  2 white imps (D:6)
  4 worms
  2 dart slugs
  22 orcs
  7 bats
  5 endoplasms
  2 giant cockroaches (D:4)
  5 goblins
  5 hobgoblins
  7 jackals
  A quokka (D:1)
  8 ball pythons
  3 frilled lizards
  5 kobolds
  5 rats
104 creatures vanquished.

Notes
Turn   | Place    | Note
-------+----------+-------------------------------------------
     0 | D:1      | dorian the Minotaur Fighter began the quest for the Orb.
     0 | D:1      | Reached XP level 1. HP: 19/19 MP: 0/0
   424 | D:1      | Reached XP level 2. HP: 27/27 MP: 1/1
   536 | D:1      | Reached skill level 3 in Axes
   912 | D:2      | Found a faded altar of an unknown god.
  1095 | D:2      | Found a radiant altar of Vehumet.
  1118 | D:2      | Reached XP level 3. HP: 33/33 MP: 2/2
  1383 | D:3      | Reached XP level 4. HP: 40/40 MP: 3/3
  1409 | D:3      | Reached skill level 4 in Axes
  1458 | D:3      | Found a hide-covered altar of Uskayaw.
  1491 | D:3      | Became a worshipper of Uskayaw the Reveller
  1507 | D:3      | Reached * piety under Uskayaw
  1555 | D:3      | Reached ** piety under Uskayaw
  1680 | D:3      | Noticed Sigmund
  1687 | D:3      | Killed Sigmund
  1687 | D:3      | Reached *** piety under Uskayaw
  1688 | D:3      | Reached skill level 5 in Axes
  1688 | D:3      | Reached XP level 5. HP: 36/47 MP: 4/4
  1688 | D:3      | Reached XP level 6. HP: 42/55 MP: 5/5
  2032 | D:4      | Noticed an ice beast
  2037 | D:4      | Killed an ice beast
  2038 | D:4      | Reached skill level 5 in Fighting
  2038 | D:4      | Reached skill level 5 in Armour
  2038 | D:4      | Reached skill level 5 in Shields
  2150 | D:4      | Found a shadowy altar of Dithmenos.
  2200 | D:4      | Found a staircase to the Ecumenical Temple.
  2314 | D:4      | Found a glowing silver altar of Zin.
  2681 | D:5      | Entered Level 5 of the Dungeon
  2696 | D:5      | Reached skill level 6 in Axes
  2696 | D:5      | Reached XP level 7. HP: 61/61 MP: 6/6
  2704 | D:5      | Reached **** piety under Uskayaw
  2761 | D:5      | Noticed Grinder
  3084 | D:5      | Killed Grinder
  3085 | D:5      | Reached skill level 7 in Axes
  3476 | D:5      | Reached XP level 8. HP: 36/70 MP: 7/7
  3693 | D:5      | Found a shimmering altar of Xom.
  3693 | D:5      | Found a shimmering altar of Xom.
  3693 | D:5      | Found a shimmering altar of Xom.
  3694 | D:5      | Found a shimmering altar of Xom.
  3708 | D:5      | Found a shimmering altar of Xom.
  3709 | D:5      | Found a shimmering altar of Xom.
  3709 | D:5      | Found a shimmering altar of Xom.
  4290 | D:6      | Noticed Menkaure
  4295 | D:6      | Reached skill level 8 in Axes
  4297 | D:6      | Killed Menkaure
  4300 | D:6      | Found a sparkling altar of Nemelex Xobeh.
  4457 | D:6      | HP: 1/66 [wight/+4 dire flail of freezing (9)]
  4457 | D:6      | Slain by a wight

Illustrated notes

Levels and vault maps discovered:
D:1:      amcnicky_arrival_feature_with_door, layout_loops_corners
D:2:      layout_basic, basic_altar, nicolae_ecumenical_pavilion
D:3:      layout_rooms, mainiacjoe_overflow_paths, uniq_sigmund
D:4:      layout_loops_ring, nicolae_dithmenos_through_a_glass_darkly,
          zin_scriptorium, minmay_temple_entry_glass,
          hangedman_decor_clover_reticule
D:5:      layout_rooms, xom_redecorated, uniq_grinder
D:6:      layout_gridville, nemelex_dance_club_becter, wad_floor_pattern_1,
          uniq_menkaure, uniq_duvessa

Skill      XL: |  1  2  3  4  5  6  7  8 |
---------------+-------------------------+-----
Axes           | 3 5 6 7 8 |  8.5
Shields        | 4 5 6 |  6.8
Armour         | 4 5 6 |  6.8
Fighting       | 4 5 6 |  6.8

Action                     |  1- 3 |  4- 6 |  7- 9 || total
---------------------------+-------+-------+-------++-------
  Melee: War axe           |    49 |    74 |   100 ||   223
         Headbutt          |    10 |    16 |    20 ||    46
 Invoke: Stomp             |       |       |     2 ||     2
         Line Pass         |       |       |     1 ||     1
  Evoke: Wand              |       |       |     1 ||     1
    Use: Scroll            |       |     3 |     4 ||     7
   Stab: Paralysed         |       |       |     8 ||     8
 Armour: Scale mail        |    20 |    27 |    16 ||    63
         Chain mail        |       |       |    10 ||    10
  Dodge: Dodged            |    18 |    25 |    30 ||    73
  Block: Buckler           |    14 |    34 |    56 ||   104
